 Dungeon Crawl Stone Soup version 0.30-a0-222-ge547ba4400 (webtiles) character file.

Game seed: 3176211173925021032

438 Bruhh the Insei (level 7, 0/45 HPs)
             Began as an Octopode Transmuter on Oct 8, 2022.
             Slain by a gnoll
             ... wielding a +0 halberd
              (8 damage)
             ... on level 4 of the Dungeon.
             The game lasted 00:06:13 (4400 turns).

Bruhh the Insei (Octopode Transmuter)               Turns: 4400, Time: 00:06:15

Health: 0/45       AC:  1    Str: 10    XL:     7   Next: 1%
Magic:  10/10      EV: 13    Int: 17    God:
Gold:   28         SH:  0    Dex: 12    Spells: 4/10 levels left

rFire   + . .      SeeInvis .      - Unarmed
rCold   x . .      Faith    .    (no shield)
rNeg    . . .      Spirit   .    (helmet currently unavailable)
rPois   .          Reflect  .    (no amulet)
rElec   .          Harm     .    a - ring of flight
rCorr   .          Rampage  .    k - ring of fire
Will    .....                    (no ring)
Stlth   ++........               (no ring)
HPRegen 0.27/turn                (no ring)
MPRegen 0.12/turn                (no ring)
                                 (no ring)
                                 (no ring)

@: appendages, flying
A: tentacle spike 3, almost no armour, amphibious, 8 rings, camouflage 1,
gelatinous body 1, (nimble swimmer 1), tentacles
a: End Transformation


You were on level 4 of the Dungeon.
One of your tentacles had grown a beastly spike.
You visited 1 branch of the dungeon, and saw 4 of its levels.

You collected 148 gold pieces.
You spent 120 gold pieces at shops.

Inventory:

Missiles
 g - a throwing net
Jewellery
 a - a ring of flight (left tentacle)
 k - a ring of fire (right tentacle)
Scrolls
 b - 2 scrolls of teleportation
 c - 5 scrolls of identify {unknown}
 i - a scroll of immolation {unknown}
 m - a scroll of enchant armour {unknown}
 n - a scroll of vulnerability {unknown}
 p - a scroll of brand weapon {unknown}
Potions
 d - a potion of haste
 e - a potion of ambrosia
 f - a potion of heal wounds {unknown}
 h - a potion of brilliance {unknown}
 j - a potion of berserk rage {unknown}
 l - a potion of attraction {unknown}
 o - a potion of flight {unknown}


   Skills:
 - Level 2.2 Fighting
 - Level 2.0 Dodging
 + Level 5.4 Unarmed Combat
 - Level 2.0 Spellcasting
 + Level 3.8 Transmutations
 - Level 4.0 Poison Magic


You had 4 spell levels left.
You knew the following spells:

 Your Spells              Type           Power      Damage    Failure   Level
a - Beastly Appendage     Tmut           28%        N/A       4%          1
b - Spider Form           Tmut/Pois      15%        N/A       12%         3
c - Poisonous Vapours     Pois/Air       16%        N/A       13%         2

Your spell library contained the following spells:

 Spells                   Type           Power      Damage    Failure   Level
 Wereblood                Tmut           14%        N/A       6%          2
 Cigotuvi's Dreadful Rot  Necr/Pois/Air  12%        N/A       17%         2
 Ignite Poison            Fire/Tmut/Pois 15%        N/A       21%         3
 Mephitic Cloud           Conj/Pois/Air  6%         N/A       32%         3
 Inner Flame              Hex/Fire       2%         N/A       50%         3
 Kindle Blastsparks       Fire/Tloc/Air  4%         2d10      50%         3
 Ice Form                 Ice/Tmut       8%         N/A       65%         4
 Flame Wave               Conj/Fire      2%         2d4       88%         4
 Fulminant Prism          Conj/Hex       0%         3d6       88%         4
 Iskenderun's Mystic Bla  Conj/Tloc      1%         2d3       88%         4
 Passage of Golubria      Tloc           1%         N/A       88%         4
 Sticky Flame             Conj/Fire      2%         2d3       88%         4
 Lee's Rapid Deconstruct  Erth           0%         3d5*      99%         5
 Dispersal                Tloc           0%         N/A       100%        6


Dungeon Overview and Level Annotations

Branches:
Dungeon (4/15)
 Temple: D:4-7

Altars:

Shops:
D:2 *(=


Innate Abilities, Weirdness & Mutations

One of your tentacles has grown a beastly spike.
You cannot wear most types of armour.
You are amphibious.
You can wear up to eight rings at the same time.
Your skin changes colour to match your surroundings (Stealth+).
Your rubbery body absorbs attacks. (AC +1, EV +1)
((You are camouflaged when in or above water. (Stealth+)))
You have tentacles for arms and can constrict up to eight enemies at once.


Message History

An orc comes into view. It is wielding a +0 dagger.
The orc moves out of view.
You closely miss the ball python. Your grab misses the ball python.
Your tentacle spike misses the ball python.
The ball python barely misses you. The ball python grabs you.
The ball python constricts you.
An orc comes into view. It is wielding a +0 trident.
You escape the ball python's grasp.
The ball python bites you. The ball python barely misses you.
The ball python bites you. The ball python barely misses you.
The ball python misses you. The ball python barely misses you.
The orc shouts! x2
You bludgeon the ball python!
You kill the ball python!
You see here a ball python corpse.
You barely miss the orc. Your grab misses the orc.
You pierce the orc, but do no damage.
The orc hits you with a +0 hand axe.
You tentacle-slap the orc. Your grab misses the orc. You squeeze the orc.
You kill the orc!
The orc hits you from afar with a +0 trident.
An orc comes into view. It is wielding a +0 flail.
You see here a +0 hand axe.
The orc barely misses you.
You see here a ball python corpse.
You closely miss the orc. Your grab misses the orc.
Your tentacle spike misses the orc.
The orc hits you with a +0 trident.
An orc comes into view. It is wielding a +0 mace.
The orc shouts!
You tentacle-slap the orc. Your grab misses the orc.
You pierce the orc.
You kill the orc!
You hear a shout!
The gnoll hits you from afar with a +0 halberd!
* * * LOW HITPOINT WARNING * * *
You closely miss the orc.
The orc wizard shouts!
You grab the orc.
You tentacle-slap the orc, but do no damage.
Your squeeze misses the orc. You constrict the orc.
The gnoll hits you from afar with a +0 halberd!
You die...

#....~≈#####~~†~~≈≈~~≈~~....~~~~~
#....~≈≈≈≈≈≈≈≈≈≈≈≈≈≈≈~o~....≈≈≈≈≈
#P...~~≈~~≈~~~)†~~≈~~≈~~....~~~~~
#.........)...)................gh
#######.########†##.####.S.#h.###
#.########.#............#
#.#........g...........#.
#.#.######)#..######.##.## #.#
#@#..# #.# # #.# #o#<## #. #..
#o..# #.. #o..... ..........
###...###.# #.... # #.....
#..##..


You could see an orc wizard, a gnoll and 3 orcs.

Vanquished Creatures
  2 scorpions (D:4)
  A howler monkey (D:4)
  2 hounds (D:4)
  An iguana (D:4)
  8 gnolls (D:4)
  2 adders
  3 worms
  2 dart slugs
  3 orcs (D:4)
  9 endoplasms
  A giant cockroach (D:1)
  4 goblins
  7 hobgoblins
  9 jackals (D:4)
  4 kobolds
  5 quokkas
  16 ball pythons
  5 bats
  4 frilled lizards
  6 rats
94 creatures vanquished.

Vanquished Creatures (others)
  4 plants (D:3)
4 creatures vanquished.

Grand Total: 98 creatures vanquished

Notes
Turn   | Place    | Note
-------+----------+-------------------------------------------
     0 | D:1      | Bruhh the Octopode Transmuter began the quest for the Orb.
     0 | D:1      | Reached XP level 1. HP: 13/13 MP: 3/3
   206 | D:1      | Reached XP level 2. HP: 11/18 MP: 3/5
   457 | D:1      | Got the Vellum of Toxins and Peregrination
   588 | D:1      | Found a faded altar of an unknown god.
   761 | D:1      | Reached XP level 3. HP: 24/24 MP: 4/6
  1090 | D:2      | Found Tesilam's Jewellery Boutique.
  1127 | D:2      | Found Holuag's Weapon Emporium.
  1305 | D:2      | Learned a level 3 spell: Spider Form
  1452 | D:2      | Found Seenadwuuts's Assorted Antiques.
  1685 | D:2      | Reached skill level 1 in Poison Magic
  1813 | D:2      | Reached XP level 4. HP: 25/29 MP: 5/7
  1959 | D:2      | Bought a tubular sapphire ring for 120 gold pieces
  2058 | D:3      | Reached skill level 4 in Unarmed Combat
  3056 | D:4      | Noticed a gnoll sergeant
  3780 | D:4      | Reached XP level 5. HP: 34/34 MP: 4/8
  3914 | D:4      | Reached XP level 6. HP: 13/39 MP: 1/9
  4201 | D:4      | Reached skill level 5 in Unarmed Combat
  4344 | D:4      | Learned a level 2 spell: Poisonous Vapours
  4377 | D:4      | Reached XP level 7. HP: 28/45 MP: 8/10
  4400 | D:4      | Slain by a gnoll

Illustrated notes

Levels and vault maps discovered:
D:1:      matt_arrival_refuge, layout_basic,
          shapermc_ecumenical_altar_flowoftime, st_stairs_7
D:2:      layout_basic, serial_shops, shop, nicolae_shop_statue_plus,
          shop_statue
D:3:      layout_basic, st_stairs_11, interstate_on_off,
          minmay_shallow_snake_nest
D:4:      lemuel_castle_with_subvaults [lemuel_castle_interior_carwin_3],
          layout_loops_ring

Skill      XL: |  1  2  3  4  5  6 |
---------------+-------------------+-----
Fighting       | 2 |  2.2
Poison Magic   | 1 2 3 4 |  4.0
Unarmed Combat | 4 5 |  5.4
Transmutations | 3 |  3.8
Dodging        | |  2.0
Spellcasting   | |  2.0

Action                   |  1- 3 |  4- 6 |  7- 9 || total
-------------------------+-------+-------+-------++-------
Melee: Unarmed           |    90 |   133 |     9 ||   232
       Kick              |    28 |    26 |     2 ||    56
       Constrict         |    22 |    22 |     2 ||    46
       Tentacles         |    13 |    10 |     2 ||    25
       Punch             |     4 |     2 |     1 ||     7
 Cast: Beastly Appendage |    38 |    32 |     1 ||    71
       Spider Form       |       |     4 |       ||     4
  Use: Potion            |     1 |     5 |       ||     6
       Scroll            |       |     3 |       ||     3
 Stab: Sleeping          |     5 |     3 |       ||     8
Armor: Skin              |     9 |     5 |       ||    14
Dodge: Dodged            |    43 |    99 |     6 ||   148

Table legend: (Time is in decaauts)
 A = Elapsed time spent in this place.
 B = Non-inter-level travel time spent in this place.
 C = Inter-level travel time spent in this place.
 D = Time resting spent in this place.
 E = Time spent auto-exploring this place.
 F = Levels seen in this place.
 G = Mean time per level.
                   A        B        C        D        E       F      G
               +--------+--------+--------+--------+--------+-----+--------+
         Total |   4366 |   4236 |    130 |    742 |   2788 |   4 | 1091.5 |
       Dungeon |   4366 |   4236 |    130 |    742 |   2788 |   4 | 1091.5 |
               +--------+--------+--------+--------+--------+-----+--------+

Top non-repeatable levels by time:
     D:3: 1355 daAuts
     D:1: 1046 daAuts
     D:4: 1046 daAuts
     D:2: 918 daAuts
